 Dungeon Crawl Stone Soup version 0.29-a0-512-gf59ac788ac (webtiles) character file.

Game seed: 3055713449159735753

60 pokeman the Magician (level 3, 0/16 (20) HPs)
             Began as a Deep Elf Hedge Wizard on May 29, 2022.
             Slain by a necrophage (7 damage)
             ... on level 3 of the Dungeon.
             The game lasted 00:03:12 (2413 turns).

pokeman the Magician (Deep Elf Hedge Wizard)        Turns: 2413, Time: 00:03:14

HP:   0/16 (20)     AC:  2    Str:  7    XL:     3   Next: 80%
MP:   0/11          EV: 12    Int: 20    God:
Gold: 126           SH:  0    Dex: 14    Spells: 1/12 levels left

rFire   . . .      SeeInvis .   j - staff of air
rCold   . . .      Faith    .   (no shield)
rNeg    . . .      Spirit   .   b - +0 robe
rPois   .          Reflect  .   c - +0 hat
rElec   +          Harm     .   (no cloak)
rCorr   .          Rampage  .   (no gloves)
Will    .....                   (no boots)
Stlth   ++........              k - amulet of regeneration
HPRegen 0.85/turn               (no ring)
MPRegen 0.12/turn               (no ring)

@: heavily drained
A: no striking features
a: no special abilities


You were on level 3 of the Dungeon.
You visited 1 branch of the dungeon, and saw 3 of its levels.

You collected 126 gold pieces.

Inventory:

Armour
 b - a +0 robe (worn)
 c - a +0 hat (worn)
 i - an orb of guile
Magical Staves
 j - a staff of air (weapon)
Jewellery
 k - an amulet of regeneration (around neck)
 o - a ring of ice
Scrolls
 e - a scroll of enchant weapon {unknown}
 l - 2 scrolls of vulnerability {unknown}
 m - 2 scrolls of immolation {unknown}
Potions
 a - 2 potions of haste {unknown}
 d - a potion of magic
 f - a potion of heal wounds {unknown}
 g - a potion of brilliance {unknown}
 h - a potion of resistance {unknown}
 n - a potion of flight {unknown}


   Skills:
 - Level 1.0 Fighting
 - Level 1.0 Armour
 + Level 2.5 Dodging
 - Level 2.4 Stealth
 * Level 5.3 Spellcasting
 + Level 2.1 Conjurations
 - Level 1.1 Summonings
 - Level 1.1 Translocations
 + Level 0.1 Fire Magic


You had one spell level left.
You knew the following spells:

 Your Spells              Type           Power      Damage    Failure   Level
a - Magic Dart            Conj           52%        1d5       4%          1
b - Mephitic Cloud        Conj/Pois/Air  12%        N/A       26%         3
c - Call Imp              Summ           9%         N/A       11%         2
d - Blink                 Tloc           18%        N/A       11%         2
e - Conjure Flame         Conj/Fire      9%         6-21      22%         3

Your spell library contained the following spells:

 Spells                   Type           Power      Damage    Failure   Level
 Slow                     Hex            20%        N/A       11%         1


Dungeon Overview and Level Annotations

Branches:
Dungeon (3/15)

Altars:


Message History

The necrophage completely misses you.
You hit the necrophage but do no damage.
The necrophage is severely damaged.
The necrophage hits you. x2; You feel drained.
You hit the necrophage.
The necrophage is almost destroyed.
The necrophage barely misses you.
Your magical contamination has completely faded away.
Casting: Magic Dart (safe; 4% risk of failure)
Confirm with . or Enter, or press ? or * to list all spells.
Aiming: Magic Dart (safe; 4% risk of failure)
Press: ? - help, Shift-Dir - straight line, f/p - necrophage
Aim: a necrophage (almost destroyed, 100% to hit)
The magic dart hits the necrophage but does no damage.
The necrophage is almost destroyed.
The necrophage hits you.
You feel drained.
Unknown command.
You hit the necrophage.
The necrophage is almost destroyed.
The necrophage hits you.
You hit the necrophage but do no damage.
The necrophage is almost destroyed.
The necrophage misses you.
You hit the necrophage but do no damage.
The necrophage is almost destroyed.
The necrophage hits you!
* * * LOW HITPOINT WARNING * * *
You feel drained.
* * * LOW HITPOINT WARNING * * *
Unknown command.
Found a scroll labelled LANEON TATTAADEY.
Casting: Magic Dart (safe; 4% risk of failure)
Confirm with . or Enter, or press ? or * to list all spells.
Aiming: Magic Dart (safe; 4% risk of failure)
Press: ? - help, Shift-Dir - straight line, f/p - necrophage
Aim: a necrophage (almost destroyed, 100% to hit)
The magic dart hits the necrophage but does no damage.
The necrophage is almost destroyed.
The necrophage hits you!
You die...

# .#..####.. . .
.(..#... ..#.
...... ..###....#
........### #
#........##.#.
#............#
####..@##<.).#
#.......n..#....P.
#..........# .#...
#.............# #
..........#####
...........
............
.............
...?........


You could see a necrophage.

Vanquished Creatures
  2 adders (D:2)
  A worm (D:2)
  5 ball pythons
  5 bats
  4 endoplasms
  2 giant cockroaches (D:2)
  4 hobgoblins
  3 jackals (D:2)
  2 quokkas
  3 frilled lizards
  2 goblins
  3 kobolds
  2 rats (D:2)
38 creatures vanquished.

Vanquished Creatures (others)
  A plant (D:3)
1 creature vanquished.

Grand Total: 39 creatures vanquished

Notes
Turn   | Place    | Note
-------+----------+-------------------------------------------
     0 | D:1      | pokeman the Deep Elf Hedge Wizard began the quest for the
                  | Orb.
     0 | D:1      | Reached XP level 1. HP: 10/10 MP: 7/7
   371 | D:1      | Reached XP level 2. HP: 16/16 MP: 7/9
   900 | D:2      | Reached skill level 5 in Spellcasting
  1260 | D:2      | Reached XP level 3. HP: 20/20 MP: 8/11
  1283 | D:2      | Learned a level 3 spell: Mephitic Cloud
  1286 | D:2      | Learned a level 2 spell: Call Imp
  1289 | D:2      | Learned a level 2 spell: Blink
  1293 | D:2      | Learned a level 3 spell: Conjure Flame
  1537 | D:2      | Reached skill level 1 in Fighting
  1663 | D:2      | Reached skill level 1 in Armour
  2380 | D:3      | Noticed a necrophage
  2413 | D:3      | Slain by a necrophage

Illustrated notes

Levels and vault maps discovered:
D:1:      pf_arrival_petrified_forest, layout_basic
D:2:      minmay_chambers_of_ones, layout_basic, serial_corexii_hall,
          corexii_hall_statues_i, chequers_hall_statues_y
D:3:      layout_rooms, gammafunk_temple_overflow_forgotten,
          shapermc_ecumenical_altar_mp_highgroup

Skill      XL: |  1  2  3 |
---------------+----------+-----
Spellcasting   | 5 |  5.3
Fighting       | 1 |  1.0
Armour         | 1 |  1.0
Conjurations   | 2 |  2.1
Dodging        | |  2.5
Stealth        | |  2.4
Summonings     | |  1.1
Translocations | |  1.1
Fire Magic     | |  0.1

Action                   || total
-------------------------++-------
Melee: Dagger            ||     4
       Staff             ||    32
 Cast: Magic Dart        ||   106
       Mephitic Cloud    ||     1
 Stab: Confused          ||     2
Armor: Robe              ||    14
Dodge: Dodged            ||    38

Table legend: (Time is in decaauts)
 A = Elapsed time spent in this place.
 B = Non-inter-level travel time spent in this place.
 C = Inter-level travel time spent in this place.
 D = Time resting spent in this place.
 E = Time spent auto-exploring this place.
 F = Levels seen in this place.
 G = Mean time per level.
                   A        B        C        D        E       F      G
               +--------+--------+--------+--------+--------+-----+--------+
         Total |   2418 |   2394 |     24 |      0 |   2114 |   3 |  806.0 |
       Dungeon |   2418 |   2394 |     24 |      0 |   2114 |   3 |  806.0 |
               +--------+--------+--------+--------+--------+-----+--------+

Top non-repeatable levels by time:
     D:2: 1528 daAuts
     D:1: 839 daAuts
     D:3: 50 daAuts
